AoeStats
← Twix

Arabia

508752534Analyzed
1v1 RM · 7d ago on Sep 23, 2026· 30m 27s· 2 players
Game mode
Random Map
Map size
Tiny (2 player)
Population
200
Speed
Normal
Resources
Standard
Victory
Conquest
Starting age
Dark Age
Ending age
Imperial Age
RankedLock teamsTeams togetherTeam positionsShared explorationLock speedFull tech treeHidden civsTurbo modeCheats
Victory
Defeat
🇺🇸 Ethiopians · United States
1324
+16
🇦🇷 Danes · Argentina
1327
-16
Twix
7:18 Loom
9:43 Feudal Age
10:15 Double-Bit Axe
12:11 Fletching
14:29 Town Watch
14:43 Horse Collar
18:20 Wheelbarrow
21:50 Castle Age
19:58 Gold Mining
21:50 Crossbowman
22:26 Bodkin Arrow
22:43 Bow Saw
24:03 Ballistics
30:21 Imperial Age
32:01 Chemistry
Golfetaa
7:21 Loom
9:24 Feudal Age
8:48 Loom
9:28 Man-at-Arms
10:23 Arson
10:33 Loom
17:39 Double-Bit Axe
18:47 Fletching
19:10 Padded Archer Armor
23:35 Castle Age
22:18 Horse Collar
22:30 Gold Mining
23:37 Elite Skirmisher
24:13 Bodkin Arrow
27:47 Leather Archer Armor
29:03 Stone Mining
31:00 Squires
Connection lost

Rejoining the realm…

Still unreachable

The connection could not be restored.

Session expired

The server has moved on; the page needs a fresh start.